 Dungeon Crawl Stone Soup version 0.26.1-11-gd32895ea62 (webtiles) character file.

Game seed: 13344449263715180723

147 wafflestompin the Shield-Bearer (level 5, -1/33 HPs)
             Began as a Gargoyle Fighter on May 10, 2021.
             Was an Initiate of Cheibriados.
             Killed by divine providence
             ... invoked by an orc priest
              (14 damage)
             ... on level 3 of the Dungeon.
             The game lasted 00:11:34 (2472 turns).

wafflestompin the Shield-Bearer (Gargoyle Fighter)  Turns: 2472, Time: 00:11:35

Health: -1/33      AC: 11    Str: 20    XL:     5   Next: 29%
Magic:  5/5        EV:  7    Int: 10    God:    Cheibriados [......]
Gold:   118        SH: 10    Dex: 11    Spells: 4/4 levels left

rFire    . . .     SeeInvis .   a - +0 flail
rCold    . . .     Faith    .   c - +1 kite shield
rNeg     + . .     Spirit   .   o - +0 scale mail
rPois    ∞         Reflect  .   (no helmet)
rElec    +         Harm     .   (no cloak)
rCorr    .         Rampage  .   (no gloves)
Will     .....                  (no boots)
Stlth    ..........             (no amulet)
HPRegen  0.11/turn              (no ring)
MPRegen  0.09/turn              (no ring)

@: very slow
A: negative energy resistance 1, electricity resistance, unbreathing,
petrification resistance, miasma immunity, AC +4
a: Renounce Religion, Bend Time


You were on level 3 of the Dungeon.
You worshipped Cheibriados.
Cheibriados was noncommittal.
You visited 1 branch of the dungeon, and saw 4 of its levels.

You collected 118 gold pieces.

Inventory:

Hand Weapons
 a - a +0 flail (weapon)
 b - a +0 hunting sling
 p - a +0 hand axe
Armour
 c - a +1 kite shield (worn)
 n - a +0 chain mail
 o - a +0 scale mail (worn)
 r - a +0 ring mail
Jewellery
 g - an uncursed ring of positive energy
Scrolls
 f - a scroll of fog
 i - 4 scrolls of identify
 k - 3 scrolls of teleportation {unknown}
 m - a scroll of remove curse {unknown}
 q - a scroll of immolation {unknown}
Potions
 d - a potion of might
 e - a potion of attraction {unknown}
 h - a potion of degeneration {unknown}
 j - a potion of invisibility {unknown}
 l - a potion of haste {unknown}


   Skills:
 * Level 3.9 Fighting
 * Level 3.6 Maces & Flails
 * Level 3.9 Armour
 * Level 4.4 Shields


You had 4 spell levels left.
You didn't know any spells.
Your spell library was empty.

Dungeon Overview and Level Annotations

Branches:
Dungeon (4/15)
 Temple: D:4-7

Altars:
Ashenzari
Cheibriados
Kikubaaqudgha
Okawaru
Sif Muna


Innate Abilities, Weirdness & Mutations

You are resistant to torment.
Your stone body is resilient. (AC +4)
You are immune to poison.
You resist negative energy. (rN+)
You are resistant to electric shocks. (rElec)
You can survive without breathing.
You are immune to petrification.
You are immune to miasma.


Message History

You kill the orc!
Cheibriados appreciates the change of pace.
You hit the orc priest.
The orc priest is lightly wounded.
The orc priest barely misses you.
You closely miss the orc priest.
The orc priest is lightly wounded.
The orc priest looks braver for a moment.
The orc priest hits you but does no damage.
You hit the orc priest.
The orc priest is lightly wounded.
You block the orc priest's attack.
You closely miss the orc priest.
The orc priest is lightly wounded.
You block the orc priest's attack.
You hit the orc priest but do no damage.
The orc priest is lightly wounded.
The orc priest mumbles some strange prayers to Beogh against you.
Beogh smites you!
You die...

#.# . #.# .. #.# ...
#.# ... #.# .. #.#
#.################.#
#oo@................
##################.#
#.# #.# #.# #.# #.#
#.. ###


You could see an orc priest and an orc.

Vanquished Creatures
  An orc priest (D:3)
  6 adders
  A white imp (D:2)
  2 worms (D:2)
  A dart slug (D:2)
  2 leopard geckos (D:2)
  An orc (D:3)
  A ball python (D:2)
  5 bats (D:2)
  A giant cockroach (D:3)
  7 goblins
  3 hobgoblins (D:1)
  2 quokkas
  3 frilled lizards
  6 kobolds
  9 rats
51 creatures vanquished.

Notes
Turn   | Place    | Note
-------+----------+-------------------------------------------
     0 | D:1      | wafflestompin the Gargoyle Fighter began the quest for the
                  | Orb.
     0 | D:1      | Reached XP level 1. HP: 14/14 MP: 1/1
   259 | D:1      | Reached XP level 2. HP: 19/19 MP: 2/2
   950 | D:2      | Reached XP level 3. HP: 21/23 MP: 3/3
  1080 | D:2      | Found an iron altar of Okawaru.
  1080 | D:2      | Found a broken altar of Ashenzari.
  1108 | D:2      | Reached skill level 4 in Shields
  1360 | D:2      | Reached XP level 4. HP: 18/28 MP: 4/4
  1842 | D:2      | Found a shimmering blue altar of Sif Muna.
  1842 | D:2      | Found an ancient bone altar of Kikubaaqudgha.
  1842 | D:2      | Found a snail-covered altar of Cheibriados.
  1850 | D:2      | Became a worshipper of Cheibriados the Contemplative
  2286 | D:3      | Reached XP level 5. HP: 29/33 MP: 5/5
  2472 | D:3      | Killed from afar by an orc priest

Illustrated notes

Levels and vault maps discovered:
D:1:      ebering_hopf_link, layout_loops_cross
D:2:      layout_loops_corners, gammafunk_temple_overflow_elements,
          gammafunk_temple_overflow_claw, minmay_cupped
D:3:      layout_basic, lemuel_crystal_altar, old_standard_altar,
          lemuel_doored_altar, portal_sewer_entry_a
D:4:      layout_loops_ring, grunt_temple_overflow_order_and_chaos_2,
          temple_pool_b, uniq_grinder, uniq_sigmund

Skill      XL: |  1  2  3  4 |
---------------+-------------+-----
Shields        | 4 |  4.4
Maces & Flails | 3 |  3.6
Fighting       | |  3.9
Armour         | |  3.9

Action                   |  1- 3 |  4- 6 || total
-------------------------+-------+-------++-------
Melee: Flail             |   119 |   123 ||   242
  Use: Scroll            |     5 |       ||     5
Armor: Scale mail        |    92 |    64 ||   156
Dodge: Dodged            |    45 |    44 ||    89
Block: Kite shield       |    69 |    75 ||   144
